 Dungeon Crawl Stone Soup version 0.13.1-28-g3517093 (console) character file.

1987 Magician the Chopper (level 9, -10/55 HPs)
             Began as a Gargoyle Berserker on Mar 4, 2014.
             Was an Elder of Trog.
             Mangled by a wyvern (14 damage)
             ... on Level 8 of the Dungeon.
             The game lasted 00:14:58 (2047 turns).

Magician the Chopper (Gargoyle Berserker)           Turns: 2047, Time: 00:14:58

HP -10/55        AC 13     Str 21      XL: 9   Next:  7%
MP   8/8         EV 16     Int 11      God: Trog [****..]
Gold 220         SH  0     Dex 14      Spells:  0 memorised,  8 levels left

Res.Fire  : . . .   See Invis. : .   a - +0 hand axe {=f}
Res.Cold  : . . .   Warding    : .   x - +0 troll leather armour
Life Prot.: + . .   Conserve   : .   (no shield)
Res.Poison: +       Res.Corr.  : .   (no helmet)
Res.Elec. : +       Clarity    : .   f - +1 cloak
Sust.Abil.: . .     Spirit.Shd : .   (no gloves)
Res.Mut.  : .       Stasis     : .   (no boots)
Res.Rott. : +       Flight     : +   (no amulet)
Saprovore : . . .                    (no ring)
                                     (no ring)

@: exhausted, agile, flying, slowed, very slow, slightly resistant to hostile
enchantments, stealthy
A: fangs 1, talons 2, life protection 1, electricity resistance, slow metabolism
1, unbreathing, petrification resistance, AC +5
a: Burn Spellbooks, Berserk, Trog's Hand, Brothers in Arms, Renounce Religion


You were on level 8 of the Dungeon.
You worshipped Trog.
Trog was greatly pleased with you.
You were not hungry.

You visited 1 branch of the dungeon, and saw 8 of its levels.
You also visited: Sewer.

You collected 200 gold pieces.

Inventory:

Hand weapons
 a - a +0,+0 hand axe (weapon) {=f}
 e - a +0,+0 hand axe (quivered)
 n - a +0 blowgun
 B - a +1,+3 dwarven mace of protection
Missiles
 w - 2 throwing nets
Armour
 b - a +0 animal skin
 f - a +1 cloak (worn)
 g - a +0 dwarven cloak
 x - a +0 troll leather armour (worn)
 A - a +1 orcish plate armour
 D - a +2 robe of cold resistance
Magical devices
 p - a wand of random effects (19) {unknown}
 q - a wand of enslavement (14) {unknown}
 z - a wand of disintegration (10) {unknown}
Comestibles
 c - 4 bread rations
 k - 2 meat rations
 F - an apple
 G - a lemon
Scrolls
 d - 4 scrolls of noise {unknown}
 o - 2 scrolls of teleportation {unknown}
 r - a scroll of enchant weapon II {unknown}
 u - a scroll of amnesia {unknown}
 y - 2 scrolls of identify {unknown}
 C - 2 scrolls of remove curse {unknown}
Jewellery
 H - an uncursed ring of ice {unknown}
Potions
 h - 2 potions of restore abilities {unknown}
 i - 4 potions of heal wounds {unknown}
 j - 4 potions of agility
 l - 4 potions of flight
 m - 5 potions of curing {unknown}
 s - a potion of poison {unknown}
 t - a potion of cure mutation {unknown}
 v - a potion of beneficial mutation {unknown}


   Skills:
 + Level 6.9 Fighting
 * Level 7.9 Axes
 + Level 6.6 Armour
 - Level 1.5 Dodging


You had 8 spell levels left.
You didn't know any spells.

Dungeon Overview and Level Annotations

Branches:
Dungeon (8/27)
 Temple: D:4-7          Orc: D:6-11        Lair: D:8-13

Altars:
Elyvilon
Fedhas
Trog
Xom
the Shining One

Shops:
D:7 [   D:8 ?


Innate Abilities, Weirdness & Mutations

You are resistant to torment.
You are immune to poison.
Your stone body is very resilient (AC +5).
You have very sharp teeth.
You have razor-sharp toenails.
You resist negative energy.
You are resistant to electric shocks.
You have a slow metabolism.
You can survive without breathing.
You are immune to petrification.


Message History

The wyvern bites you. The orc barely misses you. The wyvern bites you!
* * * LOW HITPOINT WARNING * * *
It hits you but does no damage.
Quiver which item? (- for none, * to show all) (? for menu, Esc to quit)
Okay, then.
Unknown command.
Drink which item? (? for menu, Esc to quit)
You feel agile all of a sudden.
It was a potion of agility.
The wyvern closely misses you. The orc closely misses you.
The wyvern barely misses you.
You hear some strange, mumbled words.
The magic dart hits you! The orc hits you but does no damage.
The wyvern bites you.
* * * LOW HITPOINT WARNING * * *
It hits you.
* * * LOW HITPOINT WARNING * * *
Drink which item? (? for menu, Esc to quit)
You feel very buoyant.
You fly up into the air.
It was a potion of flight.
The wyvern bites you!
You die...

#...)...........
##...............
#..#....(........
#.###.....(......
### ##.(.........
##...........".
...#..........#..
........(>...##
........@...##
.......o(D...#
#............#
##.............
##.._.........
##..........
##........
##...... #..


You could see a wyvern and an orc.

Vanquished Creatures
  A phantom (D:8)
  2 orc warriors (D:8)
  2 sky beasts
  Sigmund (D:7)
  Duvessa (D:5)
  3 big kobolds (Sewer)
  A hippogriff zombie (D:6)
  5 killer bees (D:8)
  A yak skeleton (D:7)
  3 crimson imps
  Dowan (D:5)
  An orc priest (D:8)
  A hound (D:6)
  A scorpion (D:6)
  A giant frog skeleton (D:4)
  A gnoll shaman (D:4)
  4 worker ants
  6 gnolls
  8 adders
  A green rat (Sewer)
  A worm (D:8)
  An adder zombie (D:4)
  20 grey rats
  2 giant eyeballs
  2 oozes
  7 orcs (D:8)
  7 bats
  4 giant cockroaches
  6 hobgoblins
  5 ball pythons
  2 giant newts
  11 goblins
  5 jackals
  19 kobolds
  A kobold zombie (D:6)
  A quokka (D:8)
  15 rats
  A plant (D:7)
155 creatures vanquished.

Notes
Turn   | Place    | Note
--------------------------------------------------------------
     0 | D:1      | Magician, the Gargoyle Berserker, began the quest for the Orb.
     0 | D:1      | Reached XP level 1. HP: 14/14 MP: 0/0
    92 | D:1      | Reached XP level 2. HP: 14/19 MP: 1/1
   167 | D:4      | Reached XP level 3. HP: 13/24 MP: 2/2
   191 | D:3      | Found a glowing golden altar of the Shining One.
   191 | D:3      | Found a bloodstained altar of Trog.
   199 | D:3      | Found a white marble altar of Elyvilon.
   211 | D:3      | Found a shimmering altar of Xom.
   240 | D:3      | Acquired Trog's second power
   437 | D:4      | Reached XP level 4. HP: 11/28 MP: 3/3
   496 | D:3      | Found a glowing drain.
   548 | Sewer    | Entered a sewer
   563 | Sewer    | Reached skill level 4 in Fighting
   585 | Sewer    | Noticed a big kobold
   585 | Sewer    | Noticed a big kobold
   591 | Sewer    | Killed a big kobold
   591 | Sewer    | Reached XP level 5. HP: 33/33 MP: 4/4
   593 | Sewer    | Killed a big kobold
   593 | Sewer    | Reached XP level 6. HP: 39/39 MP: 5/5
   866 | Sewer    | Reached skill level 5 in Axes
   874 | Sewer    | Acquired Trog's third power
   888 | Sewer    | Noticed a big kobold
   899 | Sewer    | Killed a big kobold
  1077 | D:4      | Reached XP level 7. HP: 44/44 MP: 6/6
  1080 | D:4      | Reached skill level 5 in Fighting
  1121 | D:5      | Entered Level 5 of the Dungeon
  1137 | D:5      | Noticed Dowan
  1139 | D:5      | Noticed Duvessa
  1150 | D:5      | Killed Duvessa
  1152 | D:5      | Killed Dowan
  1152 | D:5      | Reached skill level 5 in Armour
  1182 | D:5      | Reached skill level 6 in Axes
  1389 | D:6      | Reached XP level 8. HP: 49/49 MP: 7/7
  1605 | D:7      | Found Toepaelog's Antique Armour Emporium.
  1656 | D:7      | Paralysed by a giant eyeball for 3 turns
  1659 | D:7      | Received a gift from Trog
  1689 | D:7      | Noticed Sigmund
  1709 | D:7      | Killed Sigmund
  1825 | D:8      | Reached skill level 7 in Axes
  1888 | D:8      | Found Grutzial's Magic Scroll Emporium.
  1889 | D:8      | Paralysed by a giant eyeball for 2 turns
  1895 | D:8      | Paralysed by a giant eyeball for 3 turns
  2007 | D:8      | Reached XP level 9. HP: 55/55 MP: 8/8
  2038 | D:8      | Found a blossoming altar of Fedhas.
  2047 | D:8      | Mangled by a wyvern

Action                   |  1- 3 |  4- 6 |  7- 9 || total
-------------------------+-------+-------+-------++-------
Melee: Hand axe          |    58 |   121 |   276 ||   455
Invok: Berserk           |     1 |     4 |     6 ||    11
       Trog's Hand       |       |     3 |     3 ||     6
  Use: Potion            |       |       |     2 ||     2
